 Dungeon Crawl Stone Soup version 0.30-a0-862-g1aabd4f9c5 (webtiles) character file.

Game seed: 389089644448457549

8736 holysushi the Skirmisher (level 11, 0/70 HPs)
             Began as an Octopode Monk on Mar 9, 2023.
             Was an Initiate of Gozag.
             Slain by Harold
             ... wielding a +0 dire flail
              (17 damage)
             ... on level 9 of the Dungeon.
             The game lasted 00:26:17 (12437 turns).

holysushi the Skirmisher (Octopode Monk)           Turns: 12437, Time: 00:26:18

Health: 0/70       AC:  5    Str: 11    XL:     11   Next: 35%
Magic:  11/11      EV: 25    Int: 12    God:    Gozag
Gold:   234        SH:  0    Dex: 25    Spells: 10/10 levels left

rFire   . . .      SeeInvis .    b - +1 shortbow (freeze)
rCold   . . .      Faith    .    (shield currently unavailable)
rNeg    . . .      Spirit   .    (helmet restricted)
rPois   .          Reflect  .    (no amulet)
rElec   .          Rampage  .    e - +4 ring of protection
rCorr   .                        c - +5 ring of evasion
Will    .....                    o - ring "Ucsoehee" {Dex+6 Stlth+}
Stlth   +++++                    (no ring)
HPRegen 0.31/turn                (no ring)
MPRegen 0.12/turn                (no ring)
                                 (no ring)
                                 (no ring)

@: no status effects
A: almost no armour, amphibious, 8 rings, camouflage 1, gelatinous body 1,
(nimble swimmer 1), tentacles
a: Renounce Religion, Potion Petition, Call Merchant, Bribe Branch


You were on level 9 of the Dungeon.
You worshipped Gozag.
Gozag was aware of your devotion.
You visited 2 branches of the dungeon, and saw 10 of its levels.
You also visited: Bailey.

You collected 1756 gold pieces.
You spent 1522 gold pieces at shops.

Inventory:

Hand Weapons
 a - a +3 dagger of draining
 b - a +1 shortbow of freezing (weapon)
 f - a +2 dagger of electrocution
 j - the +3 long sword of Debt {flame, rElec rC+ Int+3}
   (You found it in a bailey)

   Int:       It affects your intelligence (+3).
   rC:        It protects you from cold.
   rElec:     It insulates you from electricity.
 r - a +0 dagger of venom
Jewellery
 c - a +5 ring of evasion (right tentacle)
 e - a +4 ring of protection (left tentacle)
 o - the ring "Ucsoehee" (on tentacle) {Dex+6 Stlth+}
   (You bought it in a shop on level 7 of the Dungeon)

   [ring of dexterity]

   Dex:       It affects your dexterity (+6).
   Stlth:     It makes you more stealthy.
 q - a ring of wizardry
Wands
 m - a wand of charming (6)
Scrolls
 d - a scroll of vulnerability
 p - 2 scrolls of enchant armour
 s - a scroll of amnesia
Potions
 h - a potion of berserk rage
 i - a potion of haste
 k - a potion of attraction
 l - a potion of might
 n - 2 potions of flight


   Skills:
 + Level 4.7 Fighting
 + Level 7.9 Short Blades
 + Level 13.1 Ranged Weapons
 - Level 8.0 Dodging
 - Level 5.0 Stealth


You had 10 spell levels left.
You didn't know any spells.
Your spell library contained the following spells:

 Spells                   Type           Power      Damage    Failure   Level
 Beastly Appendage        Tmut           0%         N/A       32%         1
 Freeze                   Ice            0%         1d3       32%         1
 Wereblood                Tmut           0%         N/A       45%         2
 Frozen Ramparts          Ice            0%         1d1       69%         3
 Hailstorm                Conj/Ice       0%         3d3       69%         3
 Ozocubu's Armour         Ice            0%         N/A       69%         3
 Spider Form              Tmut/Pois      0%         N/A       69%         3
 Tukima's Dance           Hex            0%         N/A       69%         3
 Anguish                  Hex/Necr       0%         N/A       97%         4
 Passage of Golubria      Tloc           0%         N/A       97%         4
 Yara's Violent Unravell  Hex/Tmut       0%         3d3       100%        5
 Enfeeble                 Hex            0%         N/A       100%        7
 Ozocubu's Refrigeration  Ice            0%         4d7       100%        7


Dungeon Overview and Level Annotations

Branches:
Dungeon (9/15) Zot: 24915  Temple (1/1) D:5 Zot: 5961  Bailey (visited)
   Lair: D:8-11         Orc: D:9-12

Altars:
Ashenzari
Cheibriados
Dithmenos
Elyvilon
Fedhas
Gozag
Hepliaklqana
Kikubaaqudgha
Makhleb
Okawaru
Qazlal
Ru
Trog
Uskayaw
Vehumet
Wu Jian
Xom
Yredelemnul
Zin
The Shining One

Shops:
D:3 [   D:4 *   D:5 *   D:7 (=*

Annotations:
D:8 exclusions: door and downstairs, Maggie
D:9 Harold
Temple 2 transporters


Innate Abilities, Weirdness & Mutations

You cannot wear most types of armour.
You are amphibious.
You can wear up to eight rings at the same time.
Your skin changes colour to match your surroundings (Stealth+).
Your rubbery body absorbs attacks. (AC +1, EV +1)
((You are camouflaged when in or above water. (Stealth+)))
You have tentacles for arms and can constrict up to eight enemies at once.


Message History

Really wriggle into a travel-excluded area?
Really wriggle into a travel-excluded area?
Okay, then.
As you read the scroll of identify, it crumbles to dust.
s - a scroll of amnesia Really wriggle into a travel-excluded area?
Found 7 stones.
Harold completely misses you.
You hit Harold. You grab Harold.
Harold is lightly wounded.
You constrict Harold, but do no damage. You hit Harold but do no damage.
Harold is lightly wounded.
You constrict Harold, but do no damage. Harold hits you with a +0 dire flail!
Press: ? - help, v - describe, . - travel The floor.
Reduced exclusion size to a single square.
Removed exclusion.
Your +1 shortbow of freezing is covered in frost.
b - a +1 shortbow of freezing (weapon)
You constrict Harold. You shoot an arrow. The arrow hits Harold.
The arrow freezes Harold.
Harold is lightly wounded.
You constrict Harold. Harold hits you with a +0 dire flail!
You shoot an arrow. The arrow hits Harold.
The arrow freezes Harold.
Harold is lightly wounded.
You constrict Harold. Harold closely misses you.
You shoot an arrow. The arrow hits Harold!
The arrow freezes Harold.
Harold is moderately wounded.
You constrict Harold. Harold completely misses you.
You shoot an arrow.
The arrow hits Harold but does no damage.
Harold is heavily wounded.
You constrict Harold, but do no damage. Harold hits you with a +0 dire flail!!
* * * LOW HITPOINT WARNING * * *
You shoot an arrow. The arrow hits Harold.
The arrow freezes Harold.
Harold is heavily wounded.
You constrict Harold. Harold hits you with a +0 dire flail!
You die...
Your body crumbles into a pile of gold.

##....'...####.#...#.......#
......#........#...#.......#
......#........+...#.......#
##....#######+##...#.......#
.#######...........#.####..#
.......#...........#.# #..#
.......+...........#.####..#
.......#......##@..#.......#
...##..#......##@..#.......#
.......#...........#....#..#
.......#'#######...#....#..#
...............#...#....#..#
..........###..#.(.#....#..#
###............#...#....#..#
###............#...#.......#
...............#...###.....#
...............#.... #.....#


You could see Harold.

Vanquished Creatures
  A centaur warrior (D:9)
  Pikel (D:6)
  An ugly thing (D:9)
  A manticore (D:9)
  Maurice (D:9)
  A gargoyle (Bailey)
  Prince Ribbit (D:9)
  A troll (D:9)
  A vampire (Bailey)
  6 yaks
  A steam dragon (D:7)
  Edmund (D:6)
  2 water moccasins
  4 orc warriors
  3 black bears
  2 ice beasts (D:7)
  A sky beast (D:6)
  An ogre (D:6)
  4 centaurs
  2 phantoms
  2 lemures (D:6)
  Blork the orc (D:6)
  5 kobold brigands
  5 bullfrogs
  2 scorpions (D:7)
  9 wights
  6 wolf zombies (Bailey)
  4 howler monkeys
  7 vampire bats (Bailey)
  A jelly (D:6)
  2 orc priests
  3 hounds
  A sleepcap (D:6)
  A gnoll bouda (D:8)
  Ijyb (D:3)
  7 iguanas
  7 orc wizards
  8 gnolls
  7 adders
  5 white imps
  3 ufetubi
  A worm (D:2)
  5 dart slugs
  21 orcs
  2 bats
  8 endoplasms
  A giant cockroach (D:3)
  10 goblins
  6 hobgoblins
  A quokka (D:1)
  8 ball pythons
  8 frilled lizards
  36 kobolds
  20 orc zombies (Bailey)
  6 rats
256 creatures vanquished.

Vanquished Creatures (others)
  2 gnolls (D:6)
  An orc (D:6)
  4 demonic plants (D:8)
  29 plants (D:7)
36 creatures vanquished.

Grand Total: 292 creatures vanquished

Notes
Turn   | Place    | Note
-------+----------+-------------------------------------------
     0 | D:1      | holysushi the Octopode Monk began the quest for the Orb.
     0 | D:1      | Reached XP level 1. HP: 16/16 MP: 1/1
   176 | D:1      | Reached XP level 2. HP: 21/21 MP: 2/2
   964 | D:2      | Found a hazy altar of Hepliaklqana.
   976 | D:2      | Reached XP level 3. HP: 19/26 MP: 3/3
  1602 | D:2      | Found a faded altar of an unknown god.
  1742 | D:2      | Reached XP level 4. HP: 27/31 MP: 4/4
  2388 | D:3      | Noticed a phantom
  2409 | D:3      | Killed a phantom
  2410 | D:3      | Reached skill level 5 in Short Blades
  2410 | D:3      | Reached XP level 5. HP: 27/36 MP: 5/5
  2694 | D:3      | Found a white marble altar of Elyvilon.
  2836 | D:3      | Found Mishum's Armour Emporium.
  3082 | D:4      | Noticed Ijyb
  3241 | D:3      | Killed Ijyb
  3465 | D:4      | Found Hinutous's Assorted Antiques.
  3554 | D:4      | Noticed a black bear
  3559 | D:4      | Killed a black bear
  3560 | D:4      | Reached XP level 6. HP: 42/42 MP: 6/6
  3649 | D:4      | Noticed a black bear
  3663 | D:4      | Killed a black bear
  3947 | D:5      | Entered Level 5 of the Dungeon
  3969 | D:5      | Reached XP level 7. HP: 37/46 MP: 7/7
  4180 | D:5      | Found a staircase to the Ecumenical Temple.
  4215 | D:5      | Reached skill level 2 in Ranged Weapons
  4347 | D:5      | Reached skill level 3 in Ranged Weapons
  4466 | D:5      | Found a basalt altar of Yredelemnul.
  4518 | Temple   | Entered the Ecumenical Temple
  4518 | Temple   | Found a transporter.
  4518 | Temple   | Found a transporter.
  4520 | Temple   | Found a transporter.
  4520 | Temple   | Found a transporter.
  4538 | Temple   | Became a worshipper of Gozag Ym Sagoz the Greedy
  4688 | D:4      | Reached skill level 4 in Ranged Weapons
  4816 | D:5      | Found a stormy altar of Qazlal.
  5107 | D:5      | Reached XP level 8. HP: 42/52 MP: 8/8
  5164 | D:5      | You fall into a shaft and drop 1 floor!
  5404 | D:6      | Noticed Pikel
  5419 | D:6      | Killed Pikel
  5420 | D:6      | Reached skill level 7 in Ranged Weapons
  5591 | D:6      | Noticed Blork the orc
  5599 | D:6      | Killed Blork the orc
  5609 | D:6      | Noticed Edmund
  5634 | D:6      | Reached skill level 8 in Ranged Weapons
  5660 | D:6      | Killed Edmund
  5661 | D:6      | Reached XP level 9. HP: 46/56 MP: 9/9
  5700 | D:6      | Reached skill level 9 in Ranged Weapons
  5979 | D:5      | Found a bloodstained altar of Trog.
  6062 | D:5      | Found an iron altar of Okawaru.
  6103 | D:5      | Found Xonorag's General Store.
  6111 | D:5      | Bought a scroll of brand weapon for 133 gold pieces
  7118 | D:7      | Reached skill level 10 in Ranged Weapons
  7219 | D:7      | Found Wuodd's Antique Weapon Shoppe.
  7362 | D:7      | Reached skill level 11 in Ranged Weapons
  7414 | D:7      | Found a flagged portal.
  7463 | D:7      | Found Wetabuh's Jewellery Shoppe.
  7474 | D:7      | Bought a +5 ring of evasion for 576 gold pieces
  7485 | Bailey   | Entered a bailey
  7948 | Bailey   | Reached XP level 10. HP: 63/63 MP: 10/10
  7951 | Bailey   | Reached skill level 5 in Dodging
  8030 | Bailey   | Noticed a gargoyle
  8187 | Bailey   | Killed a gargoyle
  8352 | Bailey   | Identified the +3 long sword of Debt {flame, rElec rC+
                  | Int+3}
  8590 | D:7      | Found Juaxi's Assorted Antiques.
  8599 | D:7      | Bought a scroll of teleportation for 81 gold pieces
  9282 | D:8      | Reached skill level 12 in Ranged Weapons
  9965 | D:8      | Noticed Maggie
 10675 | D:9      | Noticed Prince Ribbit
 10722 | D:9      | Killed Prince Ribbit
 10876 | D:9      | Reached skill level 5 in Stealth
 11142 | D:9      | Noticed Harold
 11216 | D:9      | Noticed a manticore
 11232 | D:9      | Killed a manticore
 11233 | D:9      | Reached XP level 11. HP: 33/67 MP: 11/11
 11397 | D:7      | Bought the ring "Ucsoehee" {Dex+6 Stlth+} for 732 gold
                  | pieces
 11527 | D:9      | Noticed Maurice
 11537 | D:9      | Killed Maurice
 12120 | D:9      | Noticed a centaur warrior
 12137 | D:9      | Killed a centaur warrior
 12138 | D:9      | Reached skill level 13 in Ranged Weapons
 12252 | D:9      | Noticed a white ugly thing
 12257 | D:9      | Killed a white ugly thing
 12437 | D:9      | Slain by Harold

Illustrated notes

Levels and vault maps discovered:
D:1:      nzn_arrival_depleted_hourglass, layout_loops_corners
D:2:      layout_basic, dilly_ecumenical_altar_fadedgnrine, basic_altar,
          grunt_ministairs_13, minmay_lizard_pond
D:3:      layout_loops_ring, elyvilon_altar_3, serial_shops, shop,
          minmay_misc_feat_more_columns
D:4:      layout_cave_pools, serial_shops, shop_fountains, uniq_ijyb
D:5:      layout_basic, mainiacjoe_overflow_cross_hatched, lemuel_doored_altar,
          nicolae_overflow_hidden_temple, minmay_temple_entry_stoned_glass,
          serial_shops, shop
D:6:      layout_loops_ring, st_stairs_14, uniq_pikel, uniq_edmund,
          uniq_blork_the_orc
D:7:      kennysheep_kobold_camp, layout_loops_cross, enter_bailey_5,
          serial_shops, shop, nicolae_shop_behind_doors, shop
D:8:      minmay_the_grid_triangle_9x9_rhombus_full
          [minmay_the_grid_triangle_9x9_minimal,
          minmay_the_grid_triangle_9x9_pentomino_pain,
          minmay_the_grid_triangle_9x9_dagger,
          minmay_the_grid_triangle_9x9_impossible_snake,
          minmay_the_grid_triangle_9x9_flanged_cone,
          minmay_the_grid_triangle_9x9_corruption,
          minmay_the_grid_triangle_9x9_shrine,
          minmay_the_grid_triangle_9x9_prize_insulated], layout_rooms,
          serial_demonic, serial_demonic_e, serial_demonic_c, serial_demonic_f,
          serial_demonic_e, uniq_maggie
D:9:      layout_stronghold, minmay_three_doors, uniq_harold,
          uniq_prince_ribbit1, uniq_maurice
Temple:   hellmonk_temple_divided_pantheon

Skill      XL: |  1  2  3  4  5  6  7  8  9 10 11 |
---------------+----------------------------------+-----
Short Blades   | 4 5 6 7 |  7.9
Dodging        | 4 7 8 |  8.0
Ranged Weapons | 4 8 11 12 13 | 13.1
Stealth        | 5 |  5.0
Fighting       | 4 |  4.7

Action                     |  1- 3 |  4- 6 |  7- 9 | 10-12 || total
---------------------------+-------+-------+-------+-------++-------
  Melee: Short sword       |    69 |    98 |   131 |       ||   298
         Constrict         |    14 |    12 |    39 |    18 ||    83
         Tentacles         |     7 |    20 |    53 |    41 ||   121
         Punch             |     2 |       |     6 |     1 ||     9
         Dagger            |       |       |    68 |   121 ||   189
   Fire: Shortbow          |       |       |   300 |   325 ||   625
    Use: Scroll            |       |     3 |    13 |     3 ||    19
         Potion            |       |     2 |     6 |     6 ||    14
   Stab: Sleeping          |    11 |    13 |     2 |     2 ||    28
         Invisible         |       |       |     9 |       ||     9
 Armour: Skin              |    10 |    26 |    48 |    15 ||    99
  Dodge: Dodged            |    30 |    73 |   143 |   181 ||   427

Table legend: (Time is in decaauts)
 A = Elapsed time spent in this place.
 B = Non-inter-level travel time spent in this place.
 C = Inter-level travel time spent in this place.
 D = Time resting spent in this place.
 E = Time spent auto-exploring this place.
 F = Levels seen in this place.
 G = Mean time per level.
                   A        B        C        D        E       F      G
               +--------+--------+--------+--------+--------+-----+--------+
         Total |  12223 |  11720 |    503 |   3119 |   5346 |  11 | 1111.2 |
       Dungeon |  11210 |  10715 |    495 |   2819 |   5345 |   9 | 1245.6 |
        Temple |     38 |     30 |      8 |      0 |      1 |   1 |   38.0 |
        Bailey |    973 |    973 |      0 |    300 |      0 |   1 |  973.0 |
               +--------+--------+--------+--------+--------+-----+--------+

Top non-repeatable levels by time:
     D:7: 1659 daAuts
     D:9: 1611 daAuts
     D:5: 1537 daAuts
     D:2: 1450 daAuts
     D:6: 1376 daAuts
     D:8: 977 daAuts
     D:3: 975 daAuts
  Bailey: 973 daAuts
     D:1: 911 daAuts
     D:4: 711 daAuts
  Temple: 38 daAuts
